AoeStats
← lillebror

Four Lakes

510156192Analyzed
1v1 RM · 18h ago on Sep 29, 2026· 30m 33s· 2 players
Game mode
Random Map
Map size
Tiny (2 player)
Population
200
Speed
Normal
Resources
Standard
Victory
Conquest
Starting age
Dark Age
Ending age
Imperial Age
RankedLock teamsTeams togetherTeam positionsShared explorationLock speedFull tech treeHidden civsTurbo modeCheats
Victory
Defeat
🇩🇰 Khmer · Denmark
1171
+18
🇩🇪 Saxons · Germany
1204
-18
Sandroushi
10:22 Feudal Age
8:44 Loom
15:45 Horse Collar
15:51 Double-Bit Axe
21:43 Castle Age
19:46 Scale Mail Armor
19:56 Forging
19:55 Fletching
20:05 Padded Archer Armor
20:57 Gold Mining
21:47 Crossbowman
22:33 Thumb Ring
23:56 Gold Shaft Mining
23:57 Bow Saw
24:13 Leather Archer Armor
27:53 Town Watch
lillebror
4:49 Loom
10:46 Feudal Age
13:57 Gold Mining
14:23 Double-Bit Axe
17:58 Castle Age
17:13 Forging
17:56 Horse Collar
18:17 Stone Mining
19:13 Scale Barding Armor
20:05 Bloodlines
22:27 Bow Saw
24:06 Wheelbarrow
23:36 Husbandry
24:07 Fletching
25:42 Bodkin Arrow
26:07 Chain Barding Armor
26:58 Hand Cart
28:19 Gold Shaft Mining
28:36 Heavy Plow
33:06 Imperial Age
Connection lost

Rejoining the realm…

Still unreachable

The connection could not be restored.

Session expired

The server has moved on; the page needs a fresh start.